 Dungeon Crawl Stone Soup version 0.18.1-48-g4cf74bf (webtiles) character file.

44 dorian the Charmwright (level 3, 0/24 HPs)
             Began as a High Elf Skald on Aug 30, 2016.
             Slain by a gnoll
             ... wielding a +0 spear
              (7 damage)
             ... on level 2 of the Dungeon.
             The game lasted 00:03:35 (1487 turns).

dorian the Charmwright (High Elf Skald)             Turns: 1487, Time: 00:03:36

Health: 0/24       AC:  4    Str: 11    XL:     3   Next: 41%
Magic:  7/7        EV:  7    Int: 16    God:
Gold:   59         SH:  0    Dex: 15    Spells: 1 memorised, 5 levels left

rFire  . . .     SeeInvis .     a - +0 falchion
rCold  . . .     Gourm    .     b - +0 leather armour
rNeg   . . .     Faith    .     (no shield)
rPois  .         Spirit   .     (no helmet)
rElec  .         Dismiss  +     c - +0 cloak
rCorr  .         Reflect  .     (no gloves)
SustAt .         Harm     .     (no boots)
MR     .....                    i - amulet of dismissal
Stlth  +.........               (no ring)
                                (no ring)

@: not resistant to hostile enchantments, very unstealthy
A: no striking features
a: no special abilities


You were on level 2 of the Dungeon.
You were not hungry.

You visited 1 branch of the dungeon, and saw 2 of its levels.

You collected 59 gold pieces.

Inventory:

Hand Weapons
 a - a +0 falchion (weapon)
Armour
 b - a +0 leather armour (worn)
 c - a +0 cloak (worn)
   (You found it on level 1 of the Dungeon)
Jewellery
 i - an amulet of dismissal (around neck)
   (You found it on level 1 of the Dungeon)
Scrolls
 e - a scroll of identify {unknown}
 h - a scroll of teleportation {unknown}
 l - 2 scrolls of remove curse {unknown}
Potions
 g - 2 potions of curing {unknown}
 j - 2 potions of agility {unknown}
Books
 A - a book of Battle

   Spells                             Type                      Level
   a - Infusion                       Charms                       1
   b - Shroud of Golubria             Charms/Translocation         2
   c - Song of Slaying                Charms                       2
   d - Spectral Weapon                Hexes/Charms                 3
   e - Regeneration                   Charms/Necromancy            3
Comestibles
 d - 3 bread rations
 f - a beef jerky
 k - a meat ration
 Z - a chunk of flesh


   Skills:
 - Level 2.0 Fighting
 * Level 3.2 Long Blades
 - Level 0.8 Armour
 + Level 1.9 Dodging
 - Level 2.4 Spellcasting
 + Level 4.6 Charms


You had 5 spell levels left.
You knew the following spells:

 Your Spells              Type           Power        Failure   Level  Hunger
a - Infusion              Chrm           ###.         4%          1    #......


Dungeon Overview and Level Annotations

Branches:
Dungeon (2/15)

Altars:
Makhleb
Trog


Message History

Found a mace.
Some of the chunks of flesh in your inventory have rotted away.
Eating a chunk of flesh.
This raw flesh tastes terrible.
You continue eating. x2
Found 20 stones.
Found a stone staircase leading up.
You see here 20 stones.
There is a stone staircase leading down here.
You now have 59 gold pieces (gained 4).
A rat comes into view.
The rat closely misses you.
You hit the rat.
You kill the rat!
No target in view!
No target in view!
You see here a rat corpse.
You butcher the rat corpse.
Z - a chunk of flesh You see here a rat skeleton.
A gnoll comes into view. It is wielding a spear.
The gnoll shouts!
Found 6 gold pieces.
A gnoll comes into view. It is wielding a spear.
The gnoll shouts! 2 gnolls come into view.
A kobold comes into view.
Casting: Infusion
Confirm with . or Enter, or press ? or * to list all spells.
You begin infusing your attacks with magical energy.
The kobold shouts!
The gnoll barely misses you.
The gnoll hits you from afar with a spear.
The gnoll hits you with a spear.
You hit the gnoll.
The gnoll is lightly wounded.
The gnoll completely misses you. The gnoll misses you.
You closely miss the gnoll.
The gnoll is lightly wounded.
The gnoll hits you but does no damage.
The gnoll hits you from afar with a spear.
* * * LOW HITPOINT WARNING * * *
The gnoll hits you from afar with a spear!
* * * LOW HITPOINT WARNING * * *
Your magical infusion is running out.
You are no longer magically infusing your attacks.
The gnoll hits you but does no damage.
There is a stone staircase leading down here.
There is a stone staircase leading up here.
The gnoll hits you from afar with a spear!
You die...

############## #............#
#.##########.# #.# #.# ####.#
##.##
########..(.#########...#####
#................#....#......
#..#####....@.gg.#.##...#####
#..# ####.####.#.###.##
####..### #.####.#.###.#
#.......# #.#.......########
##.#####.#
#.#g##[#####.....## #..# #.#
#.#.##>#......._.#. #..# #.#
#..g.....###.....## #..#
#.########.##.#..########
#..#####..)....##K##.#..#


You could see 2 gnolls.

Vanquished Creatures
  An ooze (D:1)
  2 dart slugs (D:1)
  3 giant geckos
  2 giant cockroaches (D:2)
  3 goblins
  3 hobgoblins (D:1)
  2 jackals (D:1)
  4 kobolds
  A ball python (D:2)
  2 bats
  2 giant newts (D:2)
  9 rats
34 creatures vanquished.

Notes
Turn   | Place    | Note
--------------------------------------------------------------
     0 | D:1      | dorian the High Elf Skald began the quest for the Orb.
     0 | D:1      | Reached XP level 1. HP: 14/14 MP: 4/4
    22 | D:1      | HP: 4/14 [giant gecko (4)]
   270 | D:1      | HP: 7/14 [jackal (1)]
   273 | D:1      | Reached skill level 4 in Charms
   316 | D:1      | HP: 6/14 [dart slug/slug dart (3)]
   322 | D:1      | Reached XP level 2. HP: 9/19 MP: 6/6
   332 | D:1      | HP: 7/19 [hobgoblin/club (3)]
   647 | D:1      | Reached skill level 3 in Long Blades
   919 | D:1      | Reached XP level 3. HP: 21/24 MP: 7/7
  1089 | D:2      | Found a burning altar of Makhleb.
  1273 | D:2      | Found a bloodstained altar of Trog.
  1434 | D:2      | HP: 10/24 [gnoll/spear (6)]
  1435 | D:2      | HP: 2/24 [gnoll/spear (8)]
  1487 | D:2      | Slain by a gnoll

Skill      XL: |  1  2 |
---------------+-------+-----
Charms         | 4 |  4.6
Long Blades    | 3 |  3.2
Fighting       | |  2.0
Armour         | |  0.8
Dodging        | |  1.9
Spellcasting   | |  2.4

Action                   || total
-------------------------++-------
Melee: Falchion          ||   104
 Cast: Infusion          ||     1
 Stab: Sleeping          ||     1
  Eat: Chunk             ||     2
Armor: Leather armour    ||    39
Dodge: Dodged            ||    67
